 Dungeon Sprint DCSS version 0.26.1-11-gd32895ea62 (webtiles) character file.

Game seed: 17308275026134092236

441 Dadi the Eclecticist (level 6, -2/32 HPs)
             Began as a Deep Elf Conjurer on July 27, 2021.
             Was an Initiate of Vehumet.
             Slain by Sonja
             ... wielding a +0 dagger of distortion
              (6 damage)
             ... in the Dungeon (Sprint I: "Red Sonja").
             The game lasted 00:03:35 (675 turns).

Dadi the Eclecticist (Deep Elf Conjurer)             Turns: 675, Time: 00:03:36

Health: -2/32      AC:  2    Str:  4    XL:     6   Next: 70%
Magic:  19/26      EV: 13    Int: 25    God:    Vehumet [......]
Gold:   162        SH:  0    Dex: 13    Spells: 21/35 levels left

rFire    . . .     SeeInvis .   (no weapon)
rCold    . . .     Faith    .   (no shield)
rNeg     . . .     Spirit   .   a - +0 robe
rPois    .         Reflect  .   (no helmet)
rElec    .         Harm     .   (no cloak)
rCorr    .         Rampage  .   (no gloves)
Will     .....     NoTele   +   (no boots)
Stlth    ++........             (no amulet)
HPRegen  0.10/turn              (no ring)
MPRegen  0.20/turn              (no ring)

@: lethally poisoned (-2 -> -9), slowed, very slow
A: no striking features
a: Renounce Religion


You were in the Dungeon.
You worshipped Vehumet.
Vehumet was noncommittal.
You visited 1 branch You collected 162 gold pieces.


   Skills:
 - Level 2.4 Dodging
 - Level 2.4 Stealth
 - Level 15.4 Spellcasting
 * Level 7.9 Conjurations
 + Level 5.3 Hexes


You had 21 spell levels left.
You knew the following spells:

 Your Spells              Type           Power        Failure   Level
d - Dazzling Flash        Conj/Hex       100%         1%          3
f - Fulminant Prism       Conj/Hex       25%          1%          4
i - Iskenderun's Mystic   Conj/Tloc      39%          5%          4
m - Magic Dart            Conj           100%         1%          1
s - Searing Ray           Conj           100%         1%          2

Your spell library contained the following spells:

 Spells                   Type           Power        Failure   Level


Inventory:

Armour
 a - a +0 robe (worn)
Wands
 b - a wand of digging (4)
   (You took it off Ijyb in the Dungeon)
Scrolls
 h - a scroll of blinking {!r}
 i - a scroll of random uselessness {unknown}
 j - a scroll of identify {unknown}
Potions
 c - a potion of curing {@q1}
 d - a potion of heal wounds {@q2}
 e - a potion of haste {@q3}
 f - 2 potions of magic
 g - a potion of berserk rage {!q}

Dungeon Overview and Level Annotations

Branches:
Dungeon (1/1)

Altars:
Cheibriados
Dithmenos
Elyvilon
Fedhas
Gozag
Hepliaklqana
Kikubaaqudgha
Nemelex Xobeh
Okawaru
Qazlal
Ru
Sif Muna
Trog
Uskayaw
Vehumet
Wu Jian
Yredelemnul
Zin
The Shining One

Shops:
D ?

Annotations:
D Sonja

################
#<.#..'..#..'..#
#..').#..').#..+
#...####'#####'#
#..####..# #.#
#..#__#### ##.#
#..#_____##+#_.+
#⌠⌠#_.∩...'.K._#
####_..__##_@#+#
#_____###'#
####### #.# $.$
$.$ ##.## #+#


You could see Sonja (blind).


Message History

The spell is quite dangerous to cast (10% risk of failure)!
Continue anyway?
You erupt in a blast of force!
The mystic blast hits the yak!
The yak is knocked back by the mystic blast.
The yak slams into the stone wall! 😕 MP[-3]
You lost 3 mp, and now have 15/26 mp.
Casting: Iskenderun's Mystic Blast (quite dangerous; 10% risk of failure)
Confirm with . or Enter, or press ? or * to list all spells.
Okay, then.
Found three altars.
Casting: Iskenderun's Mystic Blast (quite dangerous; 10% risk of failure)
Confirm with . or Enter, or press ? or * to list all spells.
Okay, then.
Unknown command.
Casting: Iskenderun's Mystic Blast (quite dangerous; 10% risk of failure)
Confirm with . or Enter, or press ? or * to list all spells.
The spell is quite dangerous to cast (10% risk of failure)!
Continue anyway?
You erupt in a blast of force!
The mystic blast hits the yak.
The yak is knocked back by the mystic blast. 😕 MP[-4]
You lost 4 mp, and now have 11/26 mp.
Casting: Iskenderun's Mystic Blast (quite dangerous; 10% risk of failure)
Confirm with . or Enter, or press ? or * to list all spells.
Aiming: Searing Ray (safe; 1% risk of failure)
Press: ? - help, Shift-Dir - straight line, f - yak
Aim: a yak (heavily wounded, 11% to evade)
The searing ray hits the yak. (Press . to maintain the ray.) 😕 MP[-2]
You lost 2 mp, and now have 9/26 mp.
The searing ray hits the yak.
The yak gores you! 😮 HP[-8] MP[-1]
You take 8 damage, and now have 22/32 hp.
MASSIVE DAMAGE!! (PAUSE)
You lost 1 mp, and now have 8/26 mp.
The searing ray hits the yak!
The yak misses you. 😮 HP[+1]
The searing ray hits the yak!
You kill the yak!
Vehumet accepts your kill.
You finish channeling your searing ray.
Your Conjurations skill gained 2 levels and is now at level 7!
Your Hexes skill gained 3 levels and is now at level 5! 😮 MP[-1]
You lost 1 mp, and now have 7/26 mp.
You start resting. 😎 HP[+9] MP[+18]
Your hp is fully restored (32).
You regained 18 mp, and now have 25/26 mp.
Found three altars.
Found an opulent altar of Gozag.
There is an open door here.
Found a sparkling altar of Nemelex Xobeh. 😎 MP[+1]
Your mp is fully restored (26).
There is an entrance to Wadenixig's Magic Scroll Emporium here.
There is an open door here.
You open the door.
Sonja, the Graceful Assassin comes into view.
She is wielding a +0 dagger of distortion and quivering 6 curare-tipped darts.
Casting: Searing Ray (safe; 1% risk of failure)
Confirm with . or Enter, or press ? or * to list all spells.
Aiming: Searing Ray (safe; 1% risk of failure)
Press: ? - help, Shift-Dir - straight line, f - Sonja
Aim: Sonja, wielding a +0 dagger of distortion and quivering 6 curare-tipped darts (asleep, 0% to evade)
The searing ray hits Sonja!
Sonja shouts! (Press . to maintain the ray.) 😎 MP[-2]
You lost 2 mp, and now have 24/26 mp.
The searing ray misses Sonja.
Sonja throws a curare-tipped dart.
The curare-tipped dart hits you.
You are poisoned.
You have difficulty breathing.
You feel yourself slow down.
Sonja mumbles some strange words.
Sonja blinks! 😕 HP[-5] MP[-1]
You take 5 damage, and now have 27/32 hp.
You lost 1 mp, and now have 23/26 mp.
Casting: Searing Ray (safe; 1% risk of failure)
Confirm with . or Enter, or press ? or * to list all spells.
Sonja is dazzled.
You feel sick.
Sonja throws a curare-tipped dart.
The curare-tipped dart barely misses you. 😕 HP[-2] MP[-3]
You take 2 damage, and now have 25/32 hp.
You lost 3 mp, and now have 20/26 mp.
Casting: Dazzling Flash (safe; 1% risk of failure)
Confirm with . or Enter, or press ? or * to list all spells.
Aiming: Searing Ray (safe; 1% risk of failure)
Press: ? - help, Shift-Dir - straight line, f/p - Sonja
Aim: Sonja, wielding a +0 dagger of distortion and quivering 4 curare-tipped darts (moderately wounded, blind, 48% to evade)
The searing ray hits Sonja. (Press . to maintain the ray.)
You feel sick. Sonja closely misses you. Sonja hits you but does no damage.
Space bends around you.
Sonja hits you with a +0 dagger of distortion.
Space warps horribly around you!
* * * LOW HITPOINT WARNING * * *
Sonja hits you with a +0 dagger of distortion.
You die...

Skill      XL: |  1  2  3  4  5  6 |
---------------+-------------------+-----
Spellcasting   | 8 12 15 | 15.4
Conjurations   | 7 |  7.9
Hexes          | 5 |  5.3
Dodging        | |  2.4
Stealth        | |  2.4

Action                   |  1- 3 |  4- 6 || total
-------------------------+-------+-------++-------
Melee: Unarmed           |     7 |       ||     7
 Cast: Magic Dart        |     9 |       ||     9
       Searing Ray       |     1 |     6 ||     7
       Iskenderun's Myst |       |     4 ||     4
       Dazzling Flash    |       |     1 ||     1
Armor: Robe              |     3 |       ||     3
Dodge: Dodged            |     9 |     3 ||    12

Levels and vault maps discovered:
D:        dungeon_sprint_1 [red_sonja_temple_1, red_sonja_temple_small_1]

Notes
Turn   | Place    | Note
-------+----------+-------------------------------------------
     0 | D        | Dadi the Deep Elf Conjurer began the quest for the Orb.
     0 | D        | Reached XP level 1. HP: 10/10 MP: 6/6
     0 | D        | magus.rc [v1.10.3.2021-6-05.01:30:15PM]
     2 | D        | Noticed Ijyb
    33 | D        | Killed Ijyb
    34 | D        | Reached skill level 8 in Spellcasting
    34 | D        | Reached XP level 2. HP: 12/15 MP: 0/13
   137 | D        | Learned a level 2 spell: Searing Ray
   147 | D        | Noticed an ogre
   150 | D        | Killed an ogre
   151 | D        | Reached skill level 12 in Spellcasting
   151 | D        | Reached XP level 3. HP: 19/19 MP: 9/18
   151 | D        | Reached XP level 4. HP: 24/24 MP: 10/20
   208 | D        | Noticed Sigmund
   211 | D        | HP: 1/24 [Sigmund/+0 scythe (8)]
   213 | D        | Killed Sigmund
   214 | D        | Reached skill level 15 in Spellcasting
   214 | D        | Reached XP level 5. HP: 1/28 MP: 13/24
   214 | D        | Reached XP level 6. HP: 1/32 MP: 14/26
   523 | D        | Learned a level 3 spell: Dazzling Flash
   528 | D        | Learned a level 4 spell: Fulminant Prism
   533 | D        | Learned a level 4 spell: Iskenderun's Mystic Blast
   546 | D        | Found an ornate altar of the Wu Jian Council.
   546 | D        | Found a shimmering blue altar of Sif Muna.
   548 | D        | Found a radiant altar of Vehumet.
   551 | D        | Reached skill level 5 in Conjurations
   551 | D        | Reached skill level 2 in Hexes
   560 | D        | Became a worshipper of Vehumet
   561 | D        | Found Wadenixig's Magic Scroll Emporium.
   561 | D        | Found an ancient bone altar of Kikubaaqudgha.
   561 | D        | Found a stormy altar of Qazlal.
   561 | D        | Found a blossoming altar of Fedhas.
   561 | D        | Found a bloodstained altar of Trog.
   561 | D        | Found an iron altar of Okawaru.
   561 | D        | Found a glowing golden altar of the Shining One.
   561 | D        | Found a glowing silver altar of Zin.
   561 | D        | Found a white marble altar of Elyvilon.
   561 | D        | Noticed a yak
   564 | D        | Found a hazy altar of Hepliaklqana.
   564 | D        | Found a hide-covered altar of Uskayaw.
   564 | D        | Found a sacrificial altar of Ru.
   569 | D        | Killed a yak
   570 | D        | Reached skill level 7 in Conjurations
   570 | D        | Reached skill level 5 in Hexes
   659 | D        | Found a basalt altar of Yredelemnul.
   659 | D        | Found a snail-covered altar of Cheibriados.
   659 | D        | Found a shadowy altar of Dithmenos.
   660 | D        | Found an opulent altar of Gozag.
   661 | D        | Found a sparkling altar of Nemelex Xobeh.
   671 | D        | Noticed Sonja
   675 | D        | HP: 4/32 [Sonja/+0 dagger of distortion (15)]
   675 | D        | Slain by Sonja

Vanquished Creatures
  Sigmund (D)
  A yak (D)
  An ogre (D)
  A jelly (D)
  Ijyb (D)
5 creatures vanquished.

Table legend:
 A = Non-vault XP
 B = Vault XP
 C = Vault XP percentage of total XP
 D = Non-vault monster count
 E = Vault monster count
 F = Vault count percentage of total count
                 A         B        C        D         E       F
            +---------+---------+-------+---------+---------+-------
      Total |       0 |     630 | 100.0 |       0 |       5 | 100.0
            +---------+---------+-------+---------+---------+-------
          D |       0 |     630 | 100.0 |       0 |       5 | 100.0
            +---------+---------+-------+---------+---------+-------

Illustrated notes

Table legend:
 A = Kills in this place as a percentage of kills in entire the game.
 B = Kills by you in this place as a percentage of kills by you in the entire game.
 C = Kills by friends in this place as a percentage of kills by friends in the entire game.
 D = Other kills in this place as a percentage of other kills in the entire game.
 E = Experience gained in this place as a percentage of experience gained in the entire game.
 F = Experience gained in this place divided by the number of levels of this place that you have seen.
                   A       B       C       D       E      F
               +-------+-------+-------+-------+-------+----------------------
         Total | 100.0 | 100.0 |   N/A |   N/A | 100.0 | 630.0
       Dungeon | 100.0 | 100.0 |   N/A |   N/A | 100.0 | 630.0
               +-------+-------+-------+-------+-------+----------------------

Table legend: (Time is in decaauts)
 A = Elapsed time spent in this place.
 B = Non-inter-level travel time spent in this place.
 C = Inter-level travel time spent in this place.
 D = Time resting spent in this place.
 E = Time spent auto-exploring this place.
 F = Levels seen in this place.
 G = Mean time per level.
                   A        B        C        D        E       F      G
               +--------+--------+--------+--------+--------+-----+--------+
         Total |    675 |    675 |      0 |    533 |      0 |   1 |  675.0 |
       Dungeon |    675 |    675 |      0 |    533 |      0 |   1 |  675.0 |
               +--------+--------+--------+--------+--------+-----+--------+

Top non-repeatable levels by time:
       D: 675 daAuts
